 Dungeon Crawl Stone Soup version 0.28-a0-793-g31680bbd8b (webtiles) character file.

Game seed: 17897999481676942448

59075 vurker the Thaumaturge (level 14, -8/109 HPs)
             Began as a Gnoll Air Elementalist on Nov 3, 2021.
             Was the Champion of Cheibriados.
             Killed by divine providence
             ... invoked by Saint Roka
              (12 damage)
             ... on level 1 of the Orcish Mines.
             The game lasted 00:36:43 (29707 turns).

vurker the Thaumaturge (Gnoll Air Elementalist)    Turns: 29707, Time: 00:36:43

Health: -8/109     AC: 17    Str: 23    XL:     14   Next: 93%
Magic:  0/28       EV: 21    Int: 34    God:    Cheibriados [******]
Gold:   1943       SH: 16    Dex: 28    Spells: 29/34 levels left

rFire   . . .      SeeInvis .   a - +2 war axe (vamp)
rCold   + . .      Faith    .   C - +2 kite shield {reflect}
rNeg    . . .      Spirit   +   G - +0 troll leather armour
rPois   +          Reflect  +   I - +0 helmet
rElec   .          Harm     .   d - +2 cloak {rPois}
rCorr   .          Rampage  .   K - +0 pair of gloves
Will    +....                   f - +0 pair of boots
Stlth   +++++.....              J - amulet of guardian spirit
HPRegen 1.28/turn               A - +4 ring of protection
MPRegen 0.21/turn               M - ring of protection from cold

@: very slow
A: fangs 1, strong nose, distributed training
a: Renounce Religion, Bend Time, Temporal Distortion, Slouch, Step From Time


You were on level 1 of the Orcish Mines.
You worshipped Cheibriados.
Cheibriados was exalted by your worship.
You visited 4 branches of the dungeon, and saw 20 of its levels.
You also visited: Bailey.

You collected 1943 gold pieces.

Inventory:

Hand Weapons
 a - a +2 vampiric war axe (weapon)
   (You took it off a meliai on level 5 of the Lair of Beasts)
 P - a +1 morningstar of flaming
   (You took it off Maggie on level 10 of the Dungeon)
 W - a +3 spear of draining
   (You found it on level 2 of the Dungeon)
Armour
 d - a +2 cloak of poison resistance (worn)
   (You took it off Maurice on level 10 of the Dungeon)
 f - a +0 pair of boots (worn)
   (You found it on level 1 of the Dungeon)
 u - a +0 tower shield
   (You found it on level 11 of the Dungeon)
 y - a +2 leather armour of willpower
   (You took it off Eustachio on level 6 of the Dungeon)
 C - a +2 kite shield of reflection (worn)
   (You found it on level 8 of the Dungeon)
 E - a +0 plate armour of fire resistance
   (You found it on level 6 of the Lair of Beasts)
 G - a +0 troll leather armour (worn)
   (You found it on level 10 of the Dungeon)
 I - a +0 helmet (worn)
   (You found it on level 1 of the Lair of Beasts)
 K - a +0 pair of gloves (worn)
   (You found it on level 4 of the Lair of Beasts)
Magical Staves
 b - a staff of air
   (You found it on level 5 of the Dungeon)
Jewellery
 s - an amulet of reflection
   (You found it on level 2 of the Dungeon)
 A - a +4 ring of protection (left hand)
   (You found it on level 6 of the Dungeon)
 J - an amulet of guardian spirit (around neck)
   (You found it on level 9 of the Dungeon)
 M - a ring of protection from cold (right hand)
   (You found it on level 1 of the Lair of Beasts)
 R - a ring of wizardry
   (You found it on level 6 of the Lair of Beasts)
 V - a ring of see invisible
   (You found it on level 3 of the Lair of Beasts)
Wands
 r - a wand of charming (13)
   (You found it on level 4 of the Dungeon)
 t - a wand of flame (45)
   (You took it off Maurice on level 10 of the Dungeon)
 v - a wand of digging (5)
   (You found it on level 10 of the Dungeon)
 w - a wand of mindburst (10)
   (You found it on level 6 of the Dungeon)
 x - a wand of acid (2)
   (You found it on level 6 of the Lair of Beasts)
 B - a wand of polymorph (8)
   (You found it on level 8 of the Dungeon)
Scrolls
 l - a scroll of summoning
 n - 2 scrolls of magic mapping
 D - 2 scrolls of fear
 H - a scroll of brand weapon
 L - a scroll of silence
 O - 5 scrolls of enchant weapon
 Q - 4 scrolls of enchant armour
 U - 2 scrolls of identify
Potions
 c - 2 potions of invisibility
 e - 4 potions of mutation
 g - 2 potions of brilliance
 h - 2 potions of haste
 i - 5 potions of resistance
 j - 6 potions of ambrosia
 k - 4 potions of curing
 m - 3 potions of magic
 o - a potion of heal wounds
 p - 2 potions of might
 q - 2 potions of cancellation
 z - 3 potions of flight
 F - 4 potions of attraction
 N - a potion of lignification
Miscellaneous
 S - a phantom mirror
   (You found it on level 3 of the Lair of Beasts)


   Skills:
 + Level 9.6 Fighting
 + Level 9.6 Short Blades
 + Level 9.6 Long Blades
 + Level 9.6 Axes
 + Level 9.6 Maces & Flails
 + Level 9.6 Polearms
 + Level 9.6 Staves
 + Level 9.6 Slings
 + Level 9.6 Bows
 + Level 9.6 Crossbows
 + Level 9.6 Throwing
 + Level 9.6 Armour
 + Level 10.7 Dodging
 + Level 10.5 Stealth
 + Level 9.6 Shields
 + Level 9.6 Unarmed Combat
 + Level 10.9 Spellcasting
 + Level 8.4 Conjurations
 + Level 8.0 Hexes
 + Level 8.0 Summonings
 + Level 8.0 Necromancy
 + Level 8.0 Translocations
 + Level 8.0 Transmutations
 + Level 8.0 Fire Magic
 + Level 8.0 Ice Magic
 + Level 9.8 Air Magic
 + Level 8.0 Earth Magic
 + Level 8.0 Poison Magic
 + Level 10.5 Invocations
 + Level 9.6 Evocations


You had 29 spell levels left.
You knew the following spells:

 Your Spells              Type           Power      Damage    Failure   Level
a - Shock                 Conj/Air       100%       1d9       1%          1
c - Airstrike             Air            35%        N/A       1%          4

Your spell library contained the following spells:

 Spells                   Type           Power      Damage    Failure   Level
 Animate Skeleton         Necr           100%       N/A       1%          1
 Apportation              Tloc           100%       N/A       1%          1
 Freeze                   Ice            100%       1d11      1%          1
 Magic Dart               Conj           100%       1d8       1%          1
 Summon Small Mammal      Summ           100%       N/A       1%          1
 Ensorcelled Hibernation  Hex/Ice        100%       N/A       1%          2
 Poisonous Vapours        Pois/Air       100%       N/A       1%          2
 Scorch                   Fire           100%       2d10      1%          2
 Static Discharge         Conj/Air       69%        N/A       1%          2
 Dazzling Flash           Conj/Hex       100%       N/A       1%          3
 Frozen Ramparts          Ice            100%       1d12      1%          3
 Swiftness                Air            71%        N/A       1%          3
 Tukima's Dance           Hex            65%        N/A       1%          3
 Flame Wave               Conj/Fire      65%        3d12      1%          4
 Hailstorm                Conj/Ice       65%        3d14      1%          4
 Iskenderun's Mystic Bla  Conj/Tloc      65%        2d13      1%          4
 Silence                  Hex/Air        34%        N/A       3%          5
 Irradiate                Conj/Tmut      32%        3d24      4%          5
 Agony                    Necr           65%        N/A       5%          5
 Conjure Ball Lightning   Conj/Air       34%        3x3d11    19%         6
 Summon Cactus Giant      Summ           32%        N/A       30%         6
 Lehudib's Crystal Spear  Conj/Erth      32%        10d8      100%        8


Dungeon Overview and Level Annotations

Branches:
Dungeon (11/15)            Temple (1/1) D:7            Lair (6/6) D:11
 Shoals (0/4) Lair:4        Snake (0/4) Lair:2        Slime (0/5) Lair:5
    Orc (2/2) D:10         Bailey (visited)
    Elf: Orc:2

Altars:
Ashenzari
Cheibriados
Dithmenos
Elyvilon
Fedhas
Gozag
Hepliaklqana
Kikubaaqudgha
Makhleb
Nemelex Xobeh
Okawaru
Qazlal
Ru
Sif Muna
Trog
Uskayaw
Vehumet
Wu Jian
Xom
Yredelemnul
Zin
The Shining One

Shops:
Orc:2 ?

Annotations:
Orc:1 Saint Roka


Innate Abilities, Weirdness & Mutations

You have very sharp teeth.
Your uncanny sense of smell can sniff out nearby items.
Your experience applies equally to all skills.


Message History

You hit Saint Roka. You block Saint Roka's attack.
You hit Saint Roka but do no damage. You block Saint Roka's attack.
You hit Saint Roka.
Saint Roka invokes the aid of Beogh against you.
Beogh smites you!
You hit Saint Roka but do no damage. You bite Saint Roka, but do no damage.
Saint Roka barely misses you.
You slash Saint Roka!
You feel better.
You bite Saint Roka, but do no damage. You block Saint Roka's attack.
You slash Saint Roka! You bite Saint Roka, but do no damage.
Saint Roka hits you with a +1 battleaxe of electrocution!!
You hit Saint Roka but do no damage.
Saint Roka mumbles some strange prayers to Beogh against you.
Beogh smites you!
Aim: Saint Roka, wielding a +1 battleaxe of electrocution and wearing a +0 plate armour (lightly wounded, 84% to hit)
The bolt of acid hits Saint Roka but does no damage.
Saint Roka mumbles some strange prayers to Beogh against you.
Beogh smites you!
Aim: Saint Roka, wielding a +1 battleaxe of electrocution and wearing a +0 plate armour (lightly wounded, 84% to hit)
The bolt of acid hits Saint Roka!!
Saint Roka mumbles some strange prayers to Beogh against you.
Beogh smites you!
Aim: Saint Roka, wielding a +1 battleaxe of electrocution and wearing a +0 plate armour (moderately wounded, 84% to hit)
The bolt of acid hits Saint Roka!!
Saint Roka misses you.
You barely miss Saint Roka.
Saint Roka hits you with a +1 battleaxe of electrocution!
* * * LOW HITPOINT WARNING * * *
Saint Roka hits you with a +1 battleaxe of electrocution!!
* * * LOW HITPOINT WARNING * * *
You are electrocuted!
* * * LOW HITPOINT WARNING * * *
Aim: Saint Roka, wielding a +1 battleaxe of electrocution and wearing a +0 plate armour (heavily wounded, 84% to hit)
The bolt of acid hits Saint Roka!!
Saint Roka calls down the wrath of Beogh upon you.
Beogh smites you!
* * * LOW HITPOINT WARNING * * *
Aim: Saint Roka, wielding a +1 battleaxe of electrocution and wearing a +0 plate armour (heavily wounded, 84% to hit)
The bolt of acid hits Saint Roka!
The acid corrodes Saint Roka!
You block Saint Roka's attack.
Aim: Saint Roka, wielding a +1 battleaxe of electrocution and wearing a +0 plate armour (heavily wounded, covered in acid, 84% to hit)
The bolt of acid hits Saint Roka!!
Saint Roka mumbles some strange prayers to Beogh against you.
Beogh smites you!
* * * LOW HITPOINT WARNING * * *
Aim: Saint Roka, wielding a +1 battleaxe of electrocution and wearing a +0 plate armour (severely wounded, covered in acid, 84% to hit)
The bolt of acid hits Saint Roka!
Saint Roka seems to be corroded for longer.
Saint Roka calls down the wrath of Beogh upon you.
Beogh smites you!
You die...

##..........#
#.......#...#
##...)...#.### ###
##...[.....##.###.##
#..............#...#
##..........#......#
#.................#
##.)o[......#..##.##
#..)@[.....>#..####
#..[))...........###
#..................##
#...#...............#
##..............#....
##.................#
##........#.........#
#......#.#....#....#.
##........#......#...


You could see Saint Roka (corroded).

Vanquished Creatures
  Josephine (Lair:4)
  An ogre mage (Orc:1)
  5 hydras
  2 boulder beetles
  A catoblepas (Lair:3)
  A centaur warrior (D:10)
  15 two-headed ogres
  A tengu warrior (D:11)
  A death yak (Lair:3)
  An orc knight (Bailey)
  2 orc sorcerers (Orc:1)
  A cyclops (D:11)
  A manticore (D:11)
  9 elephants
  Maurice (D:10)
  5 black mambas
  A merfolk siren (Lair:4)
  Maggie (D:10)
  14 cane toads
  Psyche (D:10)
  4 rime drakes
  3 komodo dragons
  3 trolls
  A queen bee (Lair:5)
  3 meliai (Lair:5)
  3 tyrant leeches (Lair:6)
  2 polar bears (Lair:5)
  A hornet (Lair:3)
  5 slime creatures
  31 blink frogs
  A shadow (D:10)
  4 wraiths
  Eustachio (D:6)
  4 wyverns
  Grum (D:9)
  42 yaks
  5 basilisks (Lair:6)
  5 vampire mosquitoes
  2 steam dragons
  A warg (Orc:2)
  2 nagas (Lair:2)
  9 water moccasins
  11 orc warriors
  2 ice beasts
  23 ogres
  2 black bears
  14 wolves
  4 centaurs
  3 phantoms
  2 kobold brigands
  15 bullfrogs
  3 scorpions
  16 killer bees (Lair:5)
  2 water moccasin skeletons
  A howler monkey (D:6)
  5 electric eels
  2 centaur zombies
  10 orc priests
  7 jellies
  2 hounds
  A bullfrog skeleton (D:4)
  A gnoll shaman (D:8)
  Jessica (D:2)
  Natasha (thrice) (D:2)
  2 iguanas
  18 orc wizards
  A howler monkey zombie (D:8)
  24 gnolls
  5 adders
  2 ufetubi
  An adder skeleton (D:4)
  A worm (D:3)
  2 dart slugs
  46 orcs
  10 ball pythons
  20 endoplasms
  3 giant cockroaches
  13 goblins
  15 hobgoblins
  6 jackals
  29 kobolds
  7 quokkas
  4 bats
  4 frilled lizards
  5 rats
546 creatures vanquished.

Vanquished Creatures (collateral kills)
  An orc warrior (D:7)
  A bullfrog (D:7)
2 creatures vanquished.

Vanquished Creatures (others)
  68 fungi
  108 plants
176 creatures vanquished.

Grand Total: 724 creatures vanquished

Notes
Turn   | Place    | Note
-------+----------+-------------------------------------------
     0 | D:1      | vurker the Gnoll Air Elementalist began the quest for the
                  | Orb.
     0 | D:1      | Reached XP level 1. HP: 13/13 MP: 6/6
   168 | D:1      | Reached XP level 2. HP: 19/19 MP: 3/7
   560 | D:1      | Reached XP level 3. HP: 25/25 MP: 7/9
   599 | D:1      | Reached skill level 5 in Spellcasting
   802 | D:1      | Found a faded altar of an unknown god.
  1146 | D:2      | Noticed Natasha
  1151 | D:2      | Killed Natasha
  1152 | D:2      | Reached skill level 1 in Fighting
  1152 | D:2      | Reached skill level 1 in Short Blades
  1152 | D:2      | Reached skill level 1 in Long Blades
  1152 | D:2      | Reached skill level 1 in Axes
  1152 | D:2      | Reached skill level 1 in Maces & Flails
  1152 | D:2      | Reached skill level 1 in Polearms
  1152 | D:2      | Reached skill level 1 in Staves
  1152 | D:2      | Reached skill level 1 in Slings
  1152 | D:2      | Reached skill level 1 in Bows
  1152 | D:2      | Reached skill level 1 in Crossbows
  1152 | D:2      | Reached skill level 1 in Throwing
  1152 | D:2      | Reached skill level 1 in Armour
  1152 | D:2      | Reached skill level 1 in Shields
  1152 | D:2      | Reached skill level 1 in Unarmed Combat
  1152 | D:2      | Reached skill level 1 in Invocations
  1152 | D:2      | Reached skill level 1 in Evocations
  1152 | D:2      | Reached XP level 4. HP: 14/32 MP: 4/11
  1545 | D:2      | Found a radiant altar of Vehumet.
  1900 | D:2      | Noticed Jessica
  1907 | D:2      | Killed Jessica
  1908 | D:2      | Reached skill level 1 in Hexes
  1908 | D:2      | Reached skill level 1 in Summonings
  1908 | D:2      | Reached skill level 1 in Necromancy
  1908 | D:2      | Reached skill level 1 in Translocations
  1908 | D:2      | Reached skill level 1 in Transmutations
  1908 | D:2      | Reached skill level 1 in Fire Magic
  1908 | D:2      | Reached skill level 1 in Ice Magic
  1908 | D:2      | Reached skill level 1 in Earth Magic
  1908 | D:2      | Reached skill level 1 in Poison Magic
  2131 | D:2      | Reached XP level 5. HP: 37/37 MP: 8/12
  2238 | D:2      | Noticed Natasha
  2244 | D:2      | Killed Natasha
  2351 | D:2      | Noticed Natasha
  2355 | D:2      | Killed Natasha
  3622 | D:4      | Reached XP level 6. HP: 31/44 MP: 7/13
  3795 | D:4      | Found a shimmering blue altar of Sif Muna.
  4152 | D:4      | Reached skill level 5 in Dodging
  5128 | D:5      | Entered Level 5 of the Dungeon
  5165 | D:5      | Reached XP level 7. HP: 31/50 MP: 11/15
  5703 | D:5      | Reached skill level 5 in Stealth
  6050 | D:5      | Reached XP level 8. HP: 5/57 MP: 9/16
  6483 | D:5      | Found a blossoming altar of Fedhas.
  6996 | D:6      | Noticed Eustachio
  7064 | D:6      | Killed Eustachio
  8372 | D:7      | Found a basalt altar of Yredelemnul.
  8427 | D:7      | Found a staircase to the Ecumenical Temple.
  8455 | D:7      | Found a flagged portal.
  8469 | Bailey   | Entered a bailey
  8549 | Bailey   | Reached XP level 9. HP: 50/65 MP: 10/18
  9024 | Bailey   | Noticed an orc knight
  9037 | Bailey   | Killed an orc knight
  9200 | D:7      | Acquired the Disquisition on Gliding Battle Magic
  9329 | Temple   | Entered the Ecumenical Temple
  9453 | Temple   | Became a worshipper of Cheibriados the Contemplative
  9967 | D:8      | Reached skill level 5 in Invocations
 10382 | D:8      | Reached * piety under Cheibriados
 11112 | D:9      | Noticed Grum
 11125 | D:8      | Reached XP level 10. HP: 73/73 MP: 11/20
 11185 | D:9      | Killed Grum
 11298 | D:9      | Found a sparkling altar of Nemelex Xobeh.
 11312 | D:9      | Reached skill level 5 in Fighting
 11312 | D:9      | Reached skill level 5 in Short Blades
 11312 | D:9      | Reached skill level 5 in Long Blades
 11312 | D:9      | Reached skill level 5 in Axes
 11312 | D:9      | Reached skill level 5 in Maces & Flails
 11312 | D:9      | Reached skill level 5 in Polearms
 11312 | D:9      | Reached skill level 5 in Staves
 11312 | D:9      | Reached skill level 5 in Slings
 11312 | D:9      | Reached skill level 5 in Bows
 11312 | D:9      | Reached skill level 5 in Crossbows
 11312 | D:9      | Reached skill level 5 in Throwing
 11312 | D:9      | Reached skill level 5 in Armour
 11312 | D:9      | Reached skill level 5 in Shields
 11312 | D:9      | Reached skill level 5 in Unarmed Combat
 11312 | D:9      | Reached skill level 5 in Evocations
 12281 | D:10     | Entered Level 10 of the Dungeon
 12286 | D:10     | Noticed a two-headed ogre
 12295 | D:10     | Killed a two-headed ogre
 12296 | D:10     | Reached skill level 5 in Conjurations
 12571 | D:10     | Reached ** piety under Cheibriados
 12779 | D:10     | Found a staircase to the Orcish Mines.
 12845 | D:10     | Found an ancient bone altar of Kikubaaqudgha.
 12860 | D:10     | Noticed a centaur warrior
 12877 | D:10     | Killed a centaur warrior
 13001 | D:10     | Noticed Psyche
 13008 | D:10     | Paralysed by something for 5 turns
 13021 | D:10     | Killed Psyche
 13022 | D:10     | Reached XP level 11. HP: 75/81 MP: 13/22
 13157 | D:10     | Learned a level 4 spell: Airstrike
 13207 | D:10     | Noticed a two-headed ogre
 13215 | D:10     | Killed a two-headed ogre
 13216 | D:10     | Reached skill level 5 in Hexes
 13216 | D:10     | Reached skill level 5 in Summonings
 13216 | D:10     | Reached skill level 5 in Necromancy
 13216 | D:10     | Reached skill level 5 in Translocations
 13216 | D:10     | Reached skill level 5 in Transmutations
 13216 | D:10     | Reached skill level 5 in Fire Magic
 13216 | D:10     | Reached skill level 5 in Ice Magic
 13216 | D:10     | Reached skill level 5 in Earth Magic
 13216 | D:10     | Reached skill level 5 in Poison Magic
 13355 | D:10     | Found a hazy altar of Hepliaklqana.
 13356 | D:10     | Found a shimmering altar of Xom.
 13458 | D:10     | Noticed Maggie
 13463 | D:10     | Killed Maggie
 13463 | D:10     | Reached *** piety under Cheibriados
 13604 | D:10     | Noticed Maurice
 13631 | D:10     | Killed Maurice
 14435 | D:11     | Noticed a two-headed ogre
 14701 | D:11     | Noticed a cyclops
 14724 | D:11     | Killed a cyclops
 14890 | D:11     | Noticed a two-headed ogre
 14910 | D:11     | Killed a two-headed ogre
 15041 | D:11     | Killed a two-headed ogre
 15071 | D:11     | Noticed an eight-headed hydra
 15367 | D:11     | Killed an eight-headed hydra
 15429 | D:11     | Noticed a tengu warrior
 15441 | D:11     | Killed a tengu warrior
 15581 | D:11     | Found an ancient bone altar of Kikubaaqudgha.
 15815 | D:11     | Noticed a manticore
 15821 | D:11     | Killed a manticore
 15982 | D:11     | Found a staircase to the Lair.
 16137 | D:11     | Reached **** piety under Cheibriados
 16140 | D:11     | Reached XP level 12. HP: 89/89 MP: 18/24
 16418 | Lair:1   | Entered Level 1 of the Lair of Beasts
 17162 | Lair:1   | Identified the +1 chain mail of the Doldrums {Str+3}
 17898 | Lair:2   | Noticed a four-headed hydra
 17941 | Lair:1   | Reached ***** piety under Cheibriados
 18132 | Lair:2   | Found a staircase to the Snake Pit.
 18553 | Lair:2   | Killed a four-headed hydra
 19135 | Lair:2   | Identified the +2 ring mail "Ytotitt" {*Slow rPois SInv}
 19765 | Lair:3   | Noticed a catoblepas
 19774 | Lair:3   | Killed a catoblepas
 20280 | Lair:3   | Noticed a death yak
 20293 | Lair:3   | Killed a death yak
 20528 | Lair:3   | Identified the +0 buckler of Claustrophobia {Int+5}
 20624 | Lair:3   | Reached XP level 13. HP: 98/98 MP: 14/26
 21741 | Lair:4   | Reached ****** piety under Cheibriados
 21968 | Lair:4   | Found a sparkling altar of Nemelex Xobeh.
 22724 | Lair:4   | Found a staircase to the Shoals.
 23611 | Lair:5   | Found a hide-covered altar of Uskayaw.
 23753 | Lair:5   | Found an ornate altar of the Wu Jian Council.
 23793 | Lair:5   | Found a staircase to the Slime Pits.
 24474 | Lair:5   | Reached skill level 10 in Spellcasting
 24572 | Lair:5   | Noticed Josephine
 24626 | Lair:4   | Killed Josephine
 25008 | Lair:6   | Entered Level 6 of the Lair of Beasts
 25195 | Lair:6   | Reached skill level 10 in Dodging
 25242 | Lair:6   | Reached XP level 14. HP: 106/106 MP: 9/28
 26142 | Lair:6   | Reached skill level 10 in Stealth
 26509 | Lair:6   | Reached skill level 10 in Invocations
 28064 | Orc:1    | Entered Level 1 of the Orcish Mines
 28759 | Orc:2    | Entered Level 2 of the Orcish Mines
 28759 | Orc:2    | Found Tedajinu's Magic Scroll Boutique.
 29495 | Orc:2    | Noticed Saint Roka
 29706 | Orc:1    | HP: 3/109 [Saint Roka/divine providence (10)]
 29707 | Orc:1    | Killed from afar by Saint Roka

Illustrated notes

Levels and vault maps discovered:
D:1:      minmay_arrival_diagonal_passages, layout_rooms,
          shapermc_ecumenical_altar_acropolis
D:2:      cheibrodos_helix_gallery, layout_basic, basic_altar, minmay_circle_x,
          uniq_natasha, uniq_jessica
D:3:      layout_basic, serial_co_window_serial, co_window_paths_a,
          co_window_paths_b, co_window_of_opportunity_a,
          co_window_of_opportunity_a, co_window_corner_a, co_window_paths_a,
          co_window_corner_a, co_window_paths_b, co_window_corner_a,
          co_window_broadway_c, co_window_paths_c, co_window_broadway_b,
          co_window_of_opportunity_b, co_window_2corner, co_window_paths_d,
          glass_columns_c, glass_columns_b, glass_columns_c, glass_columns_c,
          glass_columns_a
D:4:      layout_loops_ring, lemuel_blue_sif_altar, serial_aquarium,
          aquarium_bridge_square [aquarium_subvault_bridge,
          aquarium_subvault_window, aquarium_subvault_wall,
          aquarium_subvault_bridge], aquarium_bridge_island_small
          [aquarium_subvault_small_open, aquarium_subvault_bridge,
          aquarium_subvault_wall, aquarium_subvault_balcony,
          aquarium_subvault_bridge], aquarium_window_fake, aquarium_window_fake,
          aquarium_window_corridor_3, aquarium_window_2, aquarium_view_2f,
          aquarium_pool_split
D:5:      layout_gridville, general_overflow_altar
D:6:      layout_layer_cave, uniq_eustachio
D:7:      layout_rooms, kennysheep_mini_moat,
          minmay_temple_entry_drinking_statues, enter_bailey_3,
          hangedman_decor_peaks_small
D:8:      layout_loops_ring
D:9:      layout_long_grid, mainiacjoe_overflow_chevrons, uniq_grum
D:10:     layout_irregular_city, regret_index_temple_of_mockery,
          lemuel_crystal_altar, erik_orc_3, chequers_big_river, uniq_psyche,
          uniq_maggie, uniq_maurice
D:11:     lemuel_slime, layout_irregular_city, david_lair_shrubbed,
          kiku_gazebo_pond_becter
Temple:   regret_index_temple_waves
Lair:1:   layout_layer_cave
Lair:2:   layout_chaotic_city, guppyfry_snake_entry_island, st_stairs_9
Lair:3:   layout_cave_pods, st_stairs_9
Lair:4:   layout_cave_pods, elwin_shoals_entry_rooms, basic_altar
Lair:5:   layout_roguey, minmay_slime_entry_pillars, special_room
          [special_room_bee], nzn_masters_of_martial_movement, uniq_josephine
Lair:6:   minmay_lair_end_frog_pond, layout_cave_pods,
          kennysheep_basilisk_garden
Orc:1:    layout_caves, uniq_harold
Orc:2:    st_orc_ogre_mass, layout_caves, basic_altar, serial_shops, shop,
          uniq_saint_roka

Skill      XL: |  1  2  3  4  5  6  7  8  9 10 11 12 13 14 |
---------------+-------------------------------------------+-----
Conjurations   | 2 3 4 5 6 7 8 |  8.4
Spellcasting   | 5 6 7 8 9 10 | 10.9
Fighting       | 1 2 3 4 5 6 7 8 9 |  9.6
Short Blades   | 1 2 3 4 5 6 7 8 9 |  9.6
Long Blades    | 1 2 3 4 5 6 7 8 9 |  9.6
Axes           | 1 2 3 4 5 6 7 8 9 |  9.6
Maces & Flails | 1 2 3 4 5 6 7 8 9 |  9.6
Polearms       | 1 2 3 4 5 6 7 8 9 |  9.6
Staves         | 1 2 3 4 5 6 7 8 9 |  9.6
Slings         | 1 2 3 4 5 6 7 8 9 |  9.6
Bows           | 1 2 3 4 5 6 7 8 9 |  9.6
Crossbows      | 1 2 3 4 5 6 7 8 9 |  9.6
Throwing       | 1 2 3 4 5 6 7 8 9 |  9.6
Armour         | 1 2 3 4 5 6 7 8 9 |  9.6
Shields        | 1 2 3 4 5 6 7 8 9 |  9.6
Unarmed Combat | 1 2 3 4 5 6 7 8 9 |  9.6
Invocations    | 1 2 3 4 5 6 7 8 9 10 | 10.5
Evocations     | 1 2 3 4 5 6 7 8 9 |  9.6
Hexes          | 1 2 3 4 5 6 7 8 |  8.0
Summonings     | 1 2 3 4 5 6 7 8 |  8.0
Necromancy     | 1 2 3 4 5 6 7 8 |  8.0
Translocations | 1 2 3 4 5 6 7 8 |  8.0
Transmutations | 1 2 3 4 5 6 7 8 |  8.0
Fire Magic     | 1 2 3 4 5 6 7 8 |  8.0
Ice Magic      | 1 2 3 4 5 6 7 8 |  8.0
Earth Magic    | 1 2 3 4 5 6 7 8 |  8.0
Poison Magic   | 1 2 3 4 5 6 7 8 |  8.0
Dodging        | 5 6 7 8 9 10 | 10.7
Stealth        | 5 6 7 8 9 10 | 10.5
Air Magic      | 6 7 8 9 |  9.8

Action                   |  1- 3 |  4- 6 |  7- 9 | 10-12 | 13-15 || total
-------------------------+-------+-------+-------+-------+-------++-------
Melee: Unarmed           |     1 |       |       |       |       ||     1
       Dagger            |       |     6 |       |       |       ||     6
       Spear             |       |    37 |   160 |   513 |   780 ||  1490
       Bite              |       |     1 |    13 |   102 |   275 ||   391
       Punch             |       |       |     2 |       |       ||     2
       Morningstar       |       |       |       |    17 |       ||    17
       War axe           |       |       |       |       |   212 ||   212
 Cast: Shock             |    51 |   142 |   259 |   140 |     1 ||   593
       Airstrike         |       |       |       |   130 |   196 ||   326
Invok: Slouch            |       |       |       |       |     2 ||     2
Evoke: Wand              |       |       |     3 |     7 |     8 ||    18
  Use: Scroll            |       |       |    12 |     9 |    12 ||    33
       Potion            |       |       |     3 |     2 |     3 ||     8
 Stab: Sleeping          |       |       |       |       |     1 ||     1
       Distracted        |       |       |       |       |     1 ||     1
Armor: Robe              |     4 |       |       |       |       ||     4
       Leather armour    |       |     8 |    72 |    18 |       ||    98
       Troll leather arm |       |       |       |   121 |   213 ||   334
Dodge: Dodged            |    12 |    33 |   149 |   265 |   856 ||  1315
Block: Other             |       |    11 |    49 |       |       ||    60
       Reflection        |       |     2 |     4 |     5 |     1 ||    12
       Kite shield       |       |       |    22 |   328 |   981 ||  1331
       Tower shield      |       |       |       |    84 |       ||    84

Table legend: (Time is in decaauts)
 A = Elapsed time spent in this place.
 B = Non-inter-level travel time spent in this place.
 C = Inter-level travel time spent in this place.
 D = Time resting spent in this place.
 E = Time spent auto-exploring this place.
 F = Levels seen in this place.
 G = Mean time per level.
                   A        B        C        D        E       F      G
               +--------+--------+--------+--------+--------+-----+--------+
         Total |  36748 |  34068 |   2680 |   1009 |  28225 |  21 | 1749.9 |
       Dungeon |  17551 |  16257 |   1294 |    206 |  13909 |  11 | 1595.5 |
        Temple |    152 |    127 |     25 |      0 |    106 |   1 |  152.0 |
          Lair |  16634 |  15369 |   1265 |    368 |  12987 |   6 | 2772.3 |
  Orcish Mines |   1682 |   1587 |     95 |    435 |    658 |   2 |  841.0 |
        Bailey |    727 |    727 |      0 |      0 |    564 |   1 |  727.0 |
               +--------+--------+--------+--------+--------+-----+--------+

Top non-repeatable levels by time:
  Lair:6: 3481 daAuts
    D:10: 3124 daAuts
  Lair:3: 2939 daAuts
  Lair:4: 2876 daAuts
  Lair:5: 2835 daAuts
  Lair:1: 2822 daAuts
    D:11: 2481 daAuts
     D:6: 1702 daAuts
  Lair:2: 1678 daAuts
     D:8: 1645 daAuts
     D:2: 1551 daAuts
     D:5: 1523 daAuts
     D:4: 1393 daAuts
     D:9: 1376 daAuts
   Orc:1: 1351 daAuts
